Map: 16비트 - 래더

Players

LiquidMaNa (MaNa)

  • Race: Protoss Protoss
  • League: Grandmaster
  • Spawn Location: 7:00

FanTaSy - Winner!

  • Race: Terran Terran
  • League: Diamond
  • Spawn Location: 1:00

Event: HomeStory Cup XVII

VOD

Have the link to the VOD?

Description

Time

  • Played on: June 30, 2018, 8:01 a.m.
  • Length: 9:15

All games in this series

Show
View Real Time Build Order
Export as new Build Order

LiquidMaNa Protoss 

Build Orders: 1 Gate Expand, Phoenix Opening 

Get SALT Encoding   

  12  0:00  Probe  
  13  0:12  Probe  
  14  0:18  Pylon  
  14  0:24  Probe  
  15  0:32  Probe  
  15  0:38  Gateway  
  15  0:40  Probe  
  17  0:50  Probe  
  17  0:53  Assimilator  
  18  0:58  Probe  
  19  1:07  Probe  
  20  1:27  Nexus  
  20  1:37  Cybernetics Core  
  20  1:39  Probe  
  21  1:49  Assimilator  
  21  1:51  Probe  
  22  1:59  Pylon  
  22  2:03  Probe  
  22  2:07  Stalker  
  23  2:15  Warp Gate  
  23  2:17  Probe  
  26  2:29  Probe  
  27  2:35  Stargate  
  27  2:40  Probe  
  27  2:41  Probe, Stalker  
  31  2:49  Probe  
  31  2:53  Probe  
  31  2:58  Probe  
  33  3:05  Probe  
  35  3:06  Probe  
  36  3:14  Probe  
  36  3:17  Probe  
  36  3:18  Phoenix  
  40  3:25  Probe  
  41  3:28  Stalker  
  41  3:29  Probe  
  41  3:30  Pylon  
  44  3:39  Probe  
  45  3:41  Probe  
  45  3:48  Phoenix  
  48  3:52  Gateway x2  
  48  3:55  Probe x2  
  50  4:00  Pylon  
  50  4:07  Probe  
  51  4:13  Phoenix  
  51  4:16  Probe  
  54  4:18  Nexus  
  55  4:24  Probe  
  55  4:27  Assimilator  
  55  4:29  Probe  
  56  4:32  Assimilator  
  56  4:33  Robotics Facility  
  56  4:36  Probe  
  57  4:39  Phoenix  
  59  4:53  Probe x2  
  59  4:58  Pylon  
  61  5:03  Shield Battery  
  61  5:12  Probe  
  59  5:15  Probe  
  59  5:17  Stalker  
  59  5:24  Stalker x2  
  59  5:26  Probe  
  59  5:27  Probe  
  59  5:28  Phoenix  
  58  5:36  Probe  
  58  5:40  Probe  
  58  5:41  Probe  
  58  5:48  Probe  
  59  5:50  Stalker x3  
  64  5:58  Warp Prism  
  61  6:18  Phoenix  
  61  6:22  Probe x2  
  65  6:31  Probe  
  66  6:34  Probe  
  66  6:36  Probe  
  68  6:43  Probe  
  65  6:47  Probe  
  65  6:48  Probe  
  65  6:49  Adept x2  
  65  6:50  Adept  
  71  6:54  Pylon  
  71  6:55  Probe  
  71  6:59  Probe  
  71  7:00  Probe  
  72  7:04  Probe  
  72  7:07  Probe  
  72  7:08  Probe  
  73  7:12  Probe  
  73  7:15  Probe  
  75  7:16  Probe  
  75  7:21  Probe  
  78  7:25  Probe, Robotics Bay  
  78  7:27  Probe  
  81  7:33  Probe  
  82  7:37  Probe  
  82  7:39  Probe  
  82  7:42  Shield Battery  
  82  7:43  Pylon  
  84  7:44  Pylon  
  84  7:46  Probe  
  84  7:49  Shield Battery  
  85  7:53  Shield Battery  
  85  7:55  Pylon  
  85  7:56  Forge  
  85  7:57  Forge  
  85  8:01  Probe x3  
  85  8:02  Colossus, Sentry x2  
  92  8:06  Zealot  
  94  8:13  Probe x3  
  103  8:25  Probe x3, Pylon  
  103  8:26  Pylon  
  106  8:29  Photon Cannon  
  106  8:32  Photon Cannon  
  106  8:37  Probe  
  106  8:41  Zealot x3  
  104  8:42  Probe  
  103  8:50  Probe  
  102  9:01  Probe  
  102  9:06  Zealot x3  
Show
View Real Time Build Order
Export as new Build Order

FanTaSy Terran - Winner!

Build Orders: Gas First Reaper Expand, Reaper Expand, MMM Bio, Cyclone Timing 

Get SALT Encoding   

  12  0:00  SCV  
  13  0:12  SCV  
  14  0:18  Supply Depot  
  14  0:25  SCV  
  15  0:29  Refinery  
  15  0:39  SCV  
  16  0:45  Barracks  
  16  0:51  SCV  
  17  1:03  SCV  
  18  1:15  SCV  
  19  1:32  Orbital Command, Reaper  
  20  1:46  Command Center  
  20  1:57  Factory  
  20  2:00  SCV  
  21  2:07  Refinery  
  21  2:12  SCV  
  21  2:14  Barracks Reactor  
  22  2:18  Supply Depot  
  22  2:25  SCV  
  23  2:40  SCV  
  23  2:42  Starport  
  23  2:43  Widow Mine  
  26  2:51  Marine x2  
  26  2:52  SCV  
  29  2:58  Orbital Command  
  29  3:04  SCV  
  30  3:09  Cyclone  
  33  3:16  Marine x2  
  33  3:18  SCV  
  36  3:23  Viking  
  38  3:29  SCV  
  38  3:30  SCV  
  38  3:33  Supply Depot  
  40  3:38  Marine  
  42  3:42  SCV x2  
  44  3:49  Cyclone  
  44  3:53  Supply Depot  
  46  3:55  Marine  
  46  3:56  Marine, SCV  
  46  3:57  SCV  
  46  4:01  Medivac  
  52  4:05  Supply Depot  
  52  4:08  SCV  
  52  4:09  SCV  
  54  4:17  Marine x2  
  54  4:20  Liberator  
  54  4:21  Cyclone  
  59  4:26  SCV x2  
  59  4:29  Supply Depot  
  64  4:40  Barracks  
  64  4:41  Barracks  
  64  4:43  Marine x2  
  64  4:44  SCV  
  67  4:48  SCV  
  67  4:51  Refinery  
  66  4:55  Engineering Bay  
  66  4:57  SCV  
  66  4:59  Factory Tech Lab  
  66  5:00  SCV  
  66  5:01  Marine  
  66  5:02  Supply Depot  
  67  5:09  SCV  
  67  5:12  SCV  
  68  5:21  SCV  
  64  5:24  SCV  
  64  5:25  Terran Infantry Weapons Level 1  
  63  5:29  Factory Reactor  
  63  5:33  SCV  
  63  5:34  Starport Reactor  
  64  5:35  Marine x2  
  64  5:36  SCV  
  64  5:38  Barracks Tech Lab  
  58  5:43  Command Center  
  58  5:45  SCV  
  58  5:46  Stimpack  
  58  5:48  SCV  
  59  5:51  Bunker  
  59  5:53  Marauder, Marine x2  
  61  5:57  SCV  
  61  5:59  Missile Turret  
  59  6:09  Widow Mine  
  59  6:10  Widow Mine  
  63  6:11  Barracks  
  63  6:13  Barracks  
  63  6:14  Missile Turret  
  63  6:20  Marine x2, Marauder x2  
  63  6:24  SCV x2  
  70  6:27  Medivac  
  70  6:31  Widow Mine x2  
  73  6:37  Refinery  
  73  6:39  SCV x2  
  74  6:46  Marine x2, Marauder  
  74  6:47  Marauder  
  76  6:49  Medivac  
  76  6:52  Widow Mine x2  
  82  6:56  Orbital Command, SCV x2  
  82  6:57  Medivac  
  84  7:03  Barracks Reactor, Barracks Tech Lab  
  84  7:07  Marine x2  
  84  7:08  Marauder x2  
  90  7:13  Combat Shields  
  90  7:15  Supply Depot x2  
  90  7:17  SCV  
  90  7:18  SCV  
  92  7:27  Viking  
  92  7:29  Marine x2, Marauder x3  
  100  7:31  SCV  
  100  7:35  Orbital Command  
  100  7:36  SCV  
  102  7:43  SCV  
  103  7:49  Marine x2  
  103  7:50  Marine x2, Marauder  
  103  7:51  Marauder x2  
  113  7:53  Widow Mine x2  
  117  8:01  Supply Depot x2  
  117  8:06  Refinery  
  117  8:07  Refinery  
  117  8:11  Marine  
  117  8:12  Marauder x2, Concussive Shells  
  122  8:17  Marine x3  
  125  8:23  Marauder, SCV  
  125  8:24  SCV x2  
  125  8:25  Supply Depot  
  130  8:27  Supply Depot  
  130  8:32  Widow Mine  
  132  8:35  Widow Mine  
  132  8:36  SCV x3  
  136  8:42  Marine, Marauder x2  
  136  8:43  Marine  
  136  8:44  Marauder  
  136  8:48  SCV x3  
  139  8:53  Widow Mine  
Tags
 
Add a new tag
Caveats
  • Supply blocks, unpowered buildings, or Contaminate may cause inaccurate times.
  • Supply counts are checked every 10 seconds.